AoeStats
← 大明湖畔

MegaRandom

510695652Analyzed
4v4 RM · 20h ago on Oct 2, 2026· 60m 49s· 8 players
Game mode
Random Map
Map size
Large (8 player)
Population
200
Speed
Normal
Resources
Standard
Victory
Conquest
Starting age
Dark Age
Ending age
Imperial Age
RankedLock teamsTeams togetherTeam positionsShared explorationLock speedFull tech treeHidden civsTurbo modeCheats
Victory
Defeat
🇨🇳 Lithuanians · China
1099
+14
🇦🇺 Britons · Australia
1098
+14
🇭🇰 Franks · Hong Kong SAR China
1091
+14
🇨🇳 Saxons · China
1079
+15
🇵🇪 Byzantines · Peru
1067
-15
🇰🇿 Inca · Kazakhstan
1062
-15
🇲🇽 Aztecs · Mexico
1052
-14
🇨🇦 Bohemians · Canada
1022
-13
十七嵗的單車
11:41 Feudal Age
10:52 Loom
15:54 Castle Age
14:12 Double-Bit Axe
14:51 Horse Collar
16:40 Gold Mining
17:55 Bow Saw
23:02 Scale Mail Armor
24:26 Forging
25:00 Chain Mail Armor
26:49 Wheelbarrow
26:56 Heavy Plow
27:35 Gold Shaft Mining
32:15 Imperial Age
30:23 Stone Mining
35:38 Conscription
35:25 Fletching
35:36 Padded Archer Armor
35:45 Thumb Ring
35:01 Cranequins
36:31 Bodkin Arrow
36:23 Elite Varangian Guard
37:05 Squires
37:39 Plate Mail Armor
37:52 Bracer
39:06 Hand Cart
39:56 Leather Archer Armor
40:13 Treadmill Crane
41:40 Ballistics
47:25 Iron Casting
46:41 Gambesons
46:17 Man-at-Arms
47:19 Long Swordsman
47:44 Arson
47:54 Two-Handed Swordsman
48:34 Champion
60:10 Two-Man Saw
60:44 Chemistry
大明湖畔
9:45 Feudal Age
15:29 Castle Age
13:31 Double-Bit Axe
16:34 Bow Saw
17:02 Wheelbarrow
16:21 Horse Collar
17:55 Heavy Plow
25:00 Husbandry
27:41 Scale Barding Armor
28:27 Forging
28:42 Chain Barding Armor
30:07 Hand Cart
30:50 Gold Mining
30:50 Stone Mining
33:44 Imperial Age
31:00 Loom
33:11 Iron Casting
34:03 Padded Archer Armor
33:54 Fletching
34:52 Conscription
35:33 Gold Shaft Mining
34:34 Crossbowman
35:24 Bodkin Arrow
35:44 Leather Archer Armor
35:18 Arbalester
37:15 Chemistry
37:12 Bracer
37:43 Ring Archer Armor
38:29 Ballistics
43:58 Yeomen
47:42 Cavalier
49:01 Plate Barding Armor
49:27 Blast Furnace
50:49 Capped Ram
abbnn
0:31 Loom
12:27 Feudal Age
13:45 Wheelbarrow
12:57 Double-Bit Axe
13:44 Stone Mining
21:29 Castle Age
19:35 Gold Mining
22:13 Scale Mail Armor
22:24 Forging
23:10 Hand Cart
35:12 Imperial Age
33:17 Chain Mail Armor
33:28 Town Watch
34:59 Gold Shaft Mining
35:44 Ballistics
35:27 Squires
36:24 Iron Casting
36:21 Conscription
36:10 Ordonnance Companies
37:42 Plate Mail Armor
38:47 Chemistry
41:22 Bow Saw
41:10 Elite Throwing Axeman
55:41 Masonry
55:37 Siege Engineers
55:27 Murder Holes
55:18 Arrowslits
55:25 Guard Tower
55:45 Fortified Wall
56:00 Sanctity
56:00 Heresy
56:16 Theocracy
55:36 Herbal Medicine
55:42 Devotion
55:58 Block Printing
55:53 Fervor
56:10 Illumination
2026
0:30 Loom
10:57 Feudal Age
16:04 Castle Age
17:05 Horse Collar
18:45 Fervor
24:23 Wheelbarrow
32:05 Imperial Age
33:00 Ballistics
32:13 Elite Leitis
33:34 Scale Barding Armor
33:39 Forging
33:41 Bloodlines
33:32 Husbandry
34:07 Town Watch
34:45 Heavy Plow
34:13 Light Cavalry
35:17 Chain Barding Armor
36:01 Iron Casting
36:34 Chemistry
36:51 Plate Barding Armor
36:28 Double-Bit Axe
36:41 Murder Holes
37:09 Elite Skirmisher
37:15 Pikeman
38:28 Tower Shields
38:24 Fletching
39:23 Hand Cart
39:47 Treadmill Crane
39:31 Winged Hussar
41:00 Scale Mail Armor
40:23 Halberdier
41:04 Squires
41:55 Bow Saw
42:06 Chain Mail Armor
46:17 Town Patrol
46:14 Bodkin Arrow
46:41 Fortified Wall
47:03 Bracer
54:24 Gold Mining
54:29 Stone Mining
56:12 Crop Rotation
59:03 Hoardings
60:00 Conscription
60:46 Two-Man Saw
59:36 Arson
60:18 Masonry
Stephen Ocka
0:28 Loom
10:23 Feudal Age
11:04 Double-Bit Axe
18:33 Castle Age
17:39 Horse Collar
23:27 Fervor
23:38 Sanctity
24:08 Redemption
27:37 Forging
30:14 Fletching
33:23 Imperial Age
32:42 Wheelbarrow
31:53 Town Watch
32:58 Wheelbarrow
32:46 Scale Mail Armor
34:41 Conscription
35:00 Iron Casting
34:34 Gold Mining
35:24 Town Watch
35:55 Hand Cart
36:05 Garland Wars
36:33 Town Patrol
37:33 Gold Shaft Mining
37:37 Sanctity
39:10 Blast Furnace
38:26 Chain Mail Armor
38:00 Arson
37:40 Pikeman
37:56 Eagle Warrior
38:38 Squires
39:15 Pikeman
39:43 Elite Eagle Warrior
43:35 Plate Mail Armor
45:32 Bodkin Arrow
46:40 Bracer
46:41 Padded Archer Armor
47:12 Elite Skirmisher
47:59 Crossbowman
Bambam
11:21 Feudal Age
9:36 Loom
18:29 Castle Age
17:35 Double-Bit Axe
17:31 Horse Collar
18:51 Pikeman
19:32 Squires
22:41 Wheelbarrow
28:56 Hand Cart
29:25 Wagenburg Tactics
35:08 Imperial Age
33:17 Ballistics
35:37 Onager
38:06 Light Cavalry
38:46 Husbandry
38:14 Halberdier
41:39 Chemistry
40:56 Elite Skirmisher
41:53 Heavy Plow
42:05 Bow Saw
42:16 Fortified Wall
43:06 Forging
42:56 Scale Mail Armor
42:47 Fletching
42:58 Padded Archer Armor
43:04 Scale Barding Armor
45:19 Bodkin Arrow
45:40 Chain Mail Armor
46:00 Iron Casting
45:02 Elite Hussite Wagon
49:00 Two-Man Saw
48:34 Plate Mail Armor
48:05 Bracer
48:20 Leather Archer Armor
48:26 Chain Barding Armor
49:00 Bombard Tower
48:53 Masonry
48:20 Cavalier
51:33 Conscription
54:29 Ring Archer Armor
55:00 Blast Furnace
DSLG | Shamer
11:43 Feudal Age
16:05 Castle Age
15:23 Double-Bit Axe
15:22 Horse Collar
17:24 Loom
18:45 Wheelbarrow
22:21 Hand Cart
22:21 Heavy Plow
25:03 Stone Mining
29:19 Imperial Age
27:56 Forging
28:47 Fortified Wall
28:19 Treadmill Crane
29:47 Heavy Camel Rider
30:28 Husbandry
30:34 Gold Mining
32:01 Conscription
32:10 Bow Saw
32:16 Scale Barding Armor
33:23 Iron Casting
34:29 Stone Shaft Mining
34:34 Gold Shaft Mining
37:38 Two-Man Saw
36:42 Padded Archer Armor
37:04 Chain Barding Armor
36:35 Fletching
36:08 Light Cavalry
37:40 Scale Mail Armor
37:57 Leather Archer Armor
38:47 Chemistry
38:07 Ballistics
37:47 Elite Skirmisher
38:32 Thumb Ring
39:41 Bodkin Arrow
40:16 Ring Archer Armor
40:22 Plate Barding Armor
39:12 Hussar
40:48 Bracer
41:03 Chain Mail Armor
41:15 Pikeman
41:42 Arson
41:43 Gambesons
42:02 Squires
45:13 Plate Mail Armor
44:34 Halberdier
48:26 Crop Rotation
47:42 Crossbowman
fmk1199
11:33 Feudal Age
12:13 Town Watch
16:09 Castle Age
14:32 Stone Mining
15:01 Loom
15:09 Double-Bit Axe
16:21 Wheelbarrow
16:06 Horse Collar
19:17 Gold Mining
29:29 Imperial Age
27:27 Scale Mail Armor
27:21 Fletching
28:14 Bow Saw
28:46 Arson
29:02 Squires
29:17 Heavy Plow
29:39 Forging
31:17 Iron Casting
31:01 Chain Mail Armor
32:37 Hoardings
33:06 Gold Shaft Mining
33:47 Conscription
36:51 Crop Rotation
36:51 Fortified Wall
36:39 Murder Holes
38:19 Hand Cart
38:46 Town Patrol
39:40 Masonry
39:19 Arrowslits
42:02 Chemistry
41:27 Andean Sling
41:36 Fabric Shields
41:17 Elite Skirmisher
43:09 Padded Archer Armor
43:06 Bodkin Arrow
44:07 Thumb Ring
44:56 Leather Archer Armor
44:42 Bracer
45:06 Ballistics
46:28 Ring Archer Armor
45:31 Crossbowman
50:53 Arbalester
56:57 Elite Kamayuk
Connection lost

Rejoining the realm…

Still unreachable

The connection could not be restored.

Session expired

The server has moved on; the page needs a fresh start.